 Dungeon Sprint DCSS version 0.30-a0-881-g1ff12e1e11 (webtiles) character file.

Game seed: 4620189541310043880

6143 rocky1 the Brawler (level 10, -8/96 HPs)
             Began as a Green Draconian Transmuter on Mar 14, 2023.
             Was a High Priest of Sif Muna.
             Mangled by a catoblepas (15 damage)
             ... while petrified by a catoblepas
             ... in the Dungeon (Sprint IX: "|||||||||||||||||||||||||||||").
             The game lasted 00:05:11 (1357 turns).

rocky1 the Brawler (Green Draconian Transmuter)     Turns: 1357, Time: 00:05:12

Health: -8/96      AC:  8    Str: 16    XL:     10   Next: 59%
Magic:  26/32      EV:  2    Int: 17    God:    Sif Muna [*****.]
Gold:   0          SH:  0    Dex: 15    Spells: 13/28 levels left

rFire   + . .      SeeInvis .    j - +2 halberd "Duyfysaj" {venom, Contam rF+ MP+9 Stlth+}
rCold   . . .      Faith    .    (shield currently unavailable)
rNeg    + + +      Spirit   .    (body armour unavailable)
rPois   ∞          Reflect  .    (helmet restricted)
rElec   .          Rampage  .    (no cloak)
rCorr   .          NoTele   +    k - +0 pair of gloves
Will    .....                    (no boots)
Stlth   ++                       (no amulet)
HPRegen 0.36/turn                l - +3 ring of dexterity
MPRegen 0.23/turn                m - +3 ring of strength

@: petrified
A: breathe noxious fumes, AC +7, unfitting armour, poison resistance,
cold-blooded
a: Breathe Noxious Fumes, Renounce Religion, Channel Magic, Forget Spell, Divine
Exegesis


You were in the Dungeon.
You worshipped Sif Muna.
Sif Muna was extremely pleased with you.
You visited 1 branch

Inventory:

Hand Weapons
 j - the +2 halberd "Duyfysaj" (weapon) {venom, Contam rF+ MP+9 Stlth+}
   (You found it in the Dungeon)

   rF:        It protects you from fire.
   MP:        It affects your magic capacity (+9).
   Contam:    It causes magical contamination when unequipped.
   Stlth:     It makes you more stealthy.
Armour
 k - a +0 pair of gloves (worn)
Jewellery
 l - a +3 ring of dexterity (left hand)
 m - a +3 ring of strength (right hand)
Wands
 i - a wand of iceblast (10)
Scrolls
 g - 5 scrolls of blinking
 h - 2 scrolls of amnesia
 o - a scroll of immolation
 p - a scroll of identify
 q - 2 scrolls of enchant weapon
 r - a scroll of fear
Potions
 a - a potion of lignification
 b - 6 potions of curing
 c - 8 potions of heal wounds
 d - a potion of haste
 e - 4 potions of magic
 f - a potion of invisibility
 n - a potion of resistance


   Skills:
 + Level 11.6 Fighting
 + Level 9.8 Dodging
 * Level 15.0 Unarmed Combat
 + Level 9.9 Spellcasting
 + Level 3.7 Conjurations
 + Level 10.6 Transmutations


You had 13 spell levels left.
You knew the following spells:

 Your Spells              Type           Power      Damage    Failure   Level
a - Beastly Appendage     Tmut           88%        N/A       1%          1
b - Wereblood             Tmut           44%        N/A       1%          2
c - Spider Form           Tmut/Pois      26%        N/A       3%          3
d - Ice Form              Ice/Tmut       26%        N/A       10%         4
e - Irradiate             Conj/Tmut      16%        3d17      12%         5

Your spell library contained the following spells:

 Spells                   Type           Power      Damage    Failure   Level
 Searing Ray              Conj           42%        2d6       2%          2
 Petrify                  Tmut/Erth      26%        N/A       10%         4
 Dazzling Flash           Conj/Hex       28%        N/A       12%         3
 Stone Arrow              Conj/Erth      28%        3d8       12%         3
 Sublimation of Blood     Necr           8%         N/A       13%         2
 Anguish                  Hex/Necr       4%         N/A       65%         4
 Death Channel            Necr           4%         N/A       100%        6
 Infestation              Necr           4%         N/A       100%        8


Dungeon Overview and Level Annotations

Branches:
Dungeon (1/1)

Altars:
Cheibriados
Dithmenos
Elyvilon
Fedhas
Gozag
Hepliaklqana
Kikubaaqudgha
Makhleb
Nemelex Xobeh
Okawaru
Qazlal
Ru
Sif Muna
Trog
Uskayaw
Vehumet
Wu Jian
Xom
Yredelemnul
Zin
The Shining One
Jiyva
Lugonu


Innate Abilities, Weirdness & Mutations

You can breathe blasts of noxious fumes.
Your lurid green scales are hard. (AC +7)
You cannot fit into any form of body armour.
Your system is resistant to poisons. (rPois)
You are cold-blooded and may be slowed by cold attacks.


Message History

The catoblepas gores you!!
* * * LOW HITPOINT WARNING * * *
The catoblepas gores you but does no damage.
The catoblepas gores you.
* * * LOW HITPOINT WARNING * * *
The catoblepas gores you.
* * * LOW HITPOINT WARNING * * *
The death yak snorts and paws the ground.
The catoblepas breathes a plume of calcifying dust at you.
The blast of calcifying dust hits you.
* * * LOW HITPOINT WARNING * * *
You turn to flesh and can move again.
Unknown command.
You hit the catoblepas but do no damage.
The catoblepas is poisoned.
The catoblepas is moderately wounded.
You are engulfed in calcifying dust.
You are slowing down.
The catoblepas barely misses you.
Blink to where?
Press: ? - help, Dir - move target You can't see that place. [the floor.]
Okay, then.
Casting: Ice Form (dangerous; 10% risk of failure)
Confirm with . or Enter, or press ? or * to list all spells.
Okay, then.
You feel much better.
You are engulfed in calcifying dust.
The catoblepas breathes a plume of calcifying dust at you.
The blast of calcifying dust hits you but does no damage.
The catoblepas breathes a plume of calcifying dust at you.
The blast of calcifying dust hits you.
You have turned to stone.
The catoblepas gores you!
The death yak snorts and paws the ground.
The catoblepas gores you!!
* * * LOW HITPOINT WARNING * * *
The catoblepas gores you!!
* * * LOW HITPOINT WARNING * * *
The catoblepas gores you!!
You die...

▓.▓.▓_▓
▓†▓.▓_▓
▓†▓.▓_▓
▓.▓.▓_▓
▓.▓.▓_▓
▓.▓.▓_▓
▓.▓.▓_▓
▓.▓.▓_▓
▓@▓.▓_▓
▓Y▓.▓'▓
▓Y▓.▓.▓
▓Y▓.▓.▓
▓Y▓.▓)▓
▓Y▓.▓.▓
▓.▓.▓.▓
▓.▓.▓[▓
▓.▓[▓


You could see 3 death yaks, a catoblepas (poisoned) and a yak.

Vanquished Creatures
  A two-headed ogre (D)
  A death yak (D)
  An elephant (D)
  A gargoyle (D)
  3 cane toads (D)
  A kobold demonologist (D)
  A komodo dragon (D)
  A blink frog (D)
  A slime creature (D)
  A shadow (D)
  A vampire (D)
  3 wyverns (D)
  4 yaks (D)
  A vampire mosquito (D)
  A basilisk (D)
  4 water moccasins (D)
  An orc warrior (D)
  An ogre (D)
  A phantom (D)
  A gnoll sergeant (D)
  A bullfrog (D)
  2 scorpions (D)
  A wight (D)
  A killer bee (D)
  A howler monkey (D)
  2 bats (D)
  2 giant cockroaches (D)
  A hobgoblin (D)
41 creatures vanquished.

Notes
Turn   | Place    | Note
-------+----------+-------------------------------------------
     0 | D        | rocky1 the Draconian Transmuter began the quest for the
                  | Orb.
     0 | D        | Reached XP level 1. HP: 16/16 MP: 3/3
   147 | D        | Noticed a scorpion
   147 | D        | Noticed an ogre
   147 | D        | Noticed a scorpion
   147 | D        | Noticed a phantom
   147 | D        | Noticed a howler monkey
   155 | D        | Killed a scorpion
   156 | D        | Reached skill level 5 in Unarmed Combat
   156 | D        | Reached XP level 2. HP: 24/26 MP: 3/6
   156 | D        | Reached XP level 3. HP: 28/31 MP: 3/7
   156 | D        | Reached XP level 4. HP: 35/38 MP: 3/9
   158 | D        | Killed an ogre
   159 | D        | Reached skill level 6 in Unarmed Combat
   159 | D        | Reached XP level 5. HP: 44/47 MP: 3/11
   161 | D        | Reached skill level 5 in Fighting
   161 | D        | Reached skill level 7 in Unarmed Combat
   161 | D        | Reached skill level 5 in Transmutations
   163 | D        | Killed a phantom
   164 | D        | Reached skill level 8 in Unarmed Combat
   164 | D        | Reached skill level 5 in Spellcasting
   164 | D        | Reached XP level 6. HP: 54/57 MP: 4/13
   169 | D        | Reached skill level 5 in Dodging
   359 | D        | Found a snail-covered altar of Cheibriados.
   359 | D        | Found a shadowy altar of Dithmenos.
   359 | D        | Found a white marble altar of Elyvilon.
   359 | D        | Found a blossoming altar of Fedhas.
   359 | D        | Found an opulent altar of Gozag.
   360 | D        | Found a hazy altar of Hepliaklqana.
   361 | D        | Found a viscous altar of Jiyva.
   362 | D        | Found an ancient bone altar of Kikubaaqudgha.
   363 | D        | Found a corrupted altar of Lugonu.
   364 | D        | Found a burning altar of Makhleb.
   365 | D        | Found a sparkling altar of Nemelex Xobeh.
   366 | D        | Found an iron altar of Okawaru.
   367 | D        | Found a stormy altar of Qazlal.
   368 | D        | Found a sacrificial altar of Ru.
   369 | D        | Found a shimmering blue altar of Sif Muna.
   370 | D        | Found a bloodstained altar of Trog.
   371 | D        | Found a hide-covered altar of Uskayaw.
   372 | D        | Found a radiant altar of Vehumet.
   373 | D        | Found an ornate altar of the Wu Jian Council.
   374 | D        | Found a shimmering altar of Xom.
   375 | D        | Found a basalt altar of Yredelemnul.
   376 | D        | Found a glowing silver altar of Zin.
   377 | D        | Became a worshipper of Sif Muna the Loreminder
   378 | D        | Found a glowing golden altar of the Shining One.
   394 | D        | Got the +2 halberd "Duyfysaj" {venom, Contam rF+ MP+9
                  | Stlth+}
   566 | D        | Learned a level 2 spell: Wereblood
   570 | D        | Learned a level 3 spell: Spider Form
   575 | D        | Learned a level 4 spell: Ice Form
   578 | D        | Noticed a shadow
   578 | D        | Noticed an orc warrior
   578 | D        | Noticed a yak
   586 | D        | Killed a shadow
   587 | D        | Reached skill level 9 in Unarmed Combat
   587 | D        | Your scales start taking on a lurid green colour.
   587 | D        | Reached XP level 7. HP: 64/64 MP: 5/16
   587 | D        | Gained mutation: Your system is resistant to poisons.
                  | (rPois) [Green Draconian growth]
   587 | D        | Reached * piety under Sif Muna
   591 | D        | Reached skill level 10 in Unarmed Combat
   598 | D        | Killed a yak
   598 | D        | Reached ** piety under Sif Muna
   738 | D        | Noticed a kobold demonologist
   738 | D        | Noticed a slime creature
   738 | D        | Noticed a vampire
   738 | D        | Noticed a two-headed ogre
   738 | D        | Noticed a vampire mosquito
   738 | D        | Noticed a gargoyle
   745 | D        | Killed a kobold demonologist
   746 | D        | Reached skill level 11 in Unarmed Combat
   746 | D        | Reached XP level 8. HP: 74/74 MP: 11/18
   748 | D        | Killed a slime creature
   752 | D        | Killed a two-headed ogre
   752 | D        | Reached *** piety under Sif Muna
   753 | D        | Reached skill level 12 in Unarmed Combat
   753 | D        | Reached XP level 9. HP: 77/83 MP: 12/21
   756 | D        | Killed a gargoyle
  1047 | D        | Noticed a cane toad
  1047 | D        | Noticed a cane toad
  1055 | D        | Killed a cane toad
  1055 | D        | Reached **** piety under Sif Muna
  1056 | D        | Reached skill level 10 in Fighting
  1056 | D        | Reached skill level 13 in Unarmed Combat
  1066 | D        | Killed a cane toad
  1066 | D        | Reached ***** piety under Sif Muna
  1066 | D        | Received a gift from Sif Muna
  1074 | D        | Reached XP level 10. HP: 71/94 MP: 14/23
  1285 | D        | Learned a level 5 spell: Irradiate
  1286 | D        | Noticed a cane toad
  1286 | D        | Noticed an elephant
  1290 | D        | Reached skill level 14 in Unarmed Combat
  1294 | D        | Reached skill level 1 in Conjurations
  1296 | D        | Killed a cane toad
  1297 | D        | Reached skill level 10 in Transmutations
  1298 | D        | Received a gift from Sif Muna
  1303 | D        | Killed an elephant
  1323 | D        | Got Sif Muna's Codex of Destruction and Iniquitous Rituals
                  | {god gift}
  1334 | D        | Noticed a death yak
  1334 | D        | Noticed a catoblepas
  1334 | D        | Noticed a death yak
  1334 | D        | Noticed a death yak
  1337 | D        | Noticed a death yak
  1340 | D        | Killed a death yak
  1341 | D        | Reached skill level 15 in Unarmed Combat
  1357 | D        | Mangled by a catoblepas

Illustrated notes

Levels and vault maps discovered:
D:        linesprint [early_d, line_temple, items_1, d_10, items_2, lair_1,
          lair_end, items_3, orc_1, orc_end, items_4, d_15, swamp_1, shoals_1,
          snake_1, spider_1, d_20, vaults_1, items_5, swamp_end, shoals_end,
          snake_end, spider_end, vaults_end, d_27, items_6, zot_1, zot_end,
          crypt_end, forest_end, elf_end, slime_end, tomb_end, abyss_end,
          pan_hell_end]

Skill      XL: |  1  2  3  4  5  6  7  8  9 10 |
---------------+-------------------------------+-----
Dodging        | 3 4 5 6 7 9 |  9.8
Fighting       | 3 4 5 6 8 9 10 11 | 11.6
Unarmed Combat | 5 6 8 9 11 12 13 15 | 15.0
Spellcasting   | 3 4 5 6 7 8 9 |  9.9
Transmutations | 3 4 5 6 7 8 9 10 | 10.6
Conjurations   | 3 |  3.7

Action                     |  1- 3 |  4- 6 |  7- 9 | 10-12 || total
---------------------------+-------+-------+-------+-------++-------
  Melee: Unarmed           |    21 |    18 |    39 |    36 ||   114
         Kick              |     6 |     2 |       |       ||     8
         Headbutt          |     3 |       |       |       ||     3
         Tailslap          |     1 |     2 |     1 |       ||     4
         Halberd           |       |       |     2 |     1 ||     3
   Cast: Beastly Appendage |     3 |       |       |       ||     3
         Ice Form          |       |     1 |     2 |     1 ||     4
         Wereblood         |       |     1 |     2 |     1 ||     4
Ability: Breathe Noxious F |       |       |     2 |     1 ||     3
    Use: Potion            |     1 |       |       |     1 ||     2
   Stab: Confused          |       |       |     2 |     1 ||     3
 Armour: Skin              |     6 |     3 |     4 |     8 ||    21
  Dodge: Dodged            |    15 |     6 |    21 |    10 ||    52

Table legend: (Time is in decaauts)
 A = Elapsed time spent in this place.
 B = Non-inter-level travel time spent in this place.
 C = Inter-level travel time spent in this place.
 D = Time resting spent in this place.
 E = Time spent auto-exploring this place.
 F = Levels seen in this place.
 G = Mean time per level.
                   A        B        C        D        E       F      G
               +--------+--------+--------+--------+--------+-----+--------+
         Total |   1342 |   1342 |      0 |    965 |      0 |   1 | 1342.0 |
       Dungeon |   1342 |   1342 |      0 |    965 |      0 |   1 | 1342.0 |
               +--------+--------+--------+--------+--------+-----+--------+

Top non-repeatable levels by time:
       D: 1342 daAuts
